 Dungeon Crawl Stone Soup version 0.19-a0-1834-g6b7851e (webtiles) character file.

109 junb69 the Skirmisher (level 4, -1/33 HPs)
             Began as an Octopode Fighter on Oct 8, 2016.
             Killed by nerve-wracking pain
             ... invoked by an orc priest
              (10 damage)
             ... on level 3 of the Dungeon.
             The game lasted 00:03:20 (1859 turns).

junb69 the Skirmisher (Octopode Fighter)            Turns: 1859, Time: 00:03:20

Health: -1/33      AC:  1    Str: 15    XL:     4   Next: 90%
Magic:  4/4        EV: 11    Int: 10    God:
Gold:   57         SH:  8    Dex: 12    Spells: 0 memorised, 3 levels left

rFire  . . .     SeeInvis .     a - +0 long sword
rCold  . . .     Gourm    .     b - +0 shield
rNeg   . . .     Faith    .     (helmet restricted)
rPois  .         Spirit   .     (no amulet)
rElec  .         Dismiss  .     (no ring)
rCorr  .         Reflect  .     (no ring)
MR     .....     Harm     .     (no ring)
Stlth  ++........               (no ring)
                                (no ring)
                                (no ring)
                                (no ring)
                                (no ring)

@: no status effects
A: almost no armour, stealthy swim, amphibious, 8 rings, constrict 8, camouflage
1, gelatinous body 1
a: no special abilities


You were on level 3 of the Dungeon.
You were not hungry.

You visited 1 branch of the dungeon, and saw 3 of its levels.

You collected 57 gold pieces.

Inventory:

Hand Weapons
 a - a +0 long sword (weapon)
Armour
 b - a +0 shield (worn)
 q - a +0 large shield
Scrolls
 f - 4 scrolls of amnesia {unknown}
 g - 2 scrolls of remove curse {unknown}
 i - a scroll of teleportation {unknown}
 j - a scroll of random uselessness {unknown}
 k - a scroll of fear {unknown}
 o - 2 scrolls of immolation {unknown}
 p - a scroll of fog {unknown}
 r - a scroll of noise {unknown}
 t - a scroll of magic mapping {unknown}
Potions
 c - a potion of might
 e - 3 potions of degeneration {unknown}
 h - 4 potions of curing {unknown}
 s - a potion of resistance {unknown}
Comestibles
 d - 2 bread rations
 l - 4 meat rations
 m - 2 fruits
 n - 2 chunks of flesh


   Skills:
 * Level 4.2 Fighting
 * Level 3.8 Long Blades
 - Level 3.0 Dodging
 - Level 3.0 Shields


You had 3 spell levels left.
You didn't know any spells.

Dungeon Overview and Level Annotations

Branches:
Dungeon (3/15)

Altars:
The Shining One


Innate Abilities, Weirdness & Mutations

You cannot wear most types of armour.
You are very stealthy in the water. (Stealth+)
You are amphibious.
You can wear up to eight rings at the same time.
You can use your tentacles to constrict eight enemies at once.
Your skin changes colour to match your surroundings (Stealth+).
Your rubbery body absorbs attacks. (AC +1, EV +1)


Message History

You hit the ooze.
The ooze is almost dead.
The ooze hits you.
You hit the ooze.
You kill the ooze!
The orc priest hits you but does no damage.
You hit the orc priest. Your grab misses the orc priest.
The orc priest is heavily wounded.
You block the orc priest's attack.
You barely miss the orc priest. You grab the orc priest.
The orc priest is heavily wounded.
You constrict the orc priest.
The orc priest hits you with a hand axe.
* * * LOW HITPOINT WARNING * * *
You hit the orc priest.
The orc priest is heavily wounded.
You constrict the orc priest.
The orc priest calls down the wrath of Beogh upon you.
Pain shoots through your body!
You die...

#.....#.#.## ##.##
#.....#.#..###.##
#.....#.....#.##
#......#.....##
#.#.##.#...).#
#.#.##.#.....#
.......##>..##
#..#......#.########
..#..#.#.#.....@o.#
#.
...#.#..#####).......
.#.#.....# #.##.####
##o##.# ... # #.. #.#
#.## ... #.# #.# .##
#.. ..# ### ###


You could see an orc priest.

Vanquished Creatures
  5 adders (D:2)
  3 oozes
  2 dart slugs
  2 leopard geckos (D:1)
  3 orcs (D:3)
  4 giant cockroaches
  5 goblins
  3 hobgoblins (D:1)
  9 kobolds
  A ball python (D:2)
  3 bats
  2 frilled lizards (D:1)
  4 rats
46 creatures vanquished.

Notes
Turn   | Place    | Note
-------+----------+-------------------------------------------
     0 | D:1      | junb69 the Octopode Fighter began the quest for the Orb.
     0 | D:1      | Reached XP level 1. HP: 16/16 MP: 1/1
    82 | D:1      | Reached XP level 2. HP: 17/21 MP: 2/2
   211 | D:1      | HP: 1/21 [ooze (4)]
   749 | D:1      | Reached XP level 3. HP: 26/26 MP: 3/3
  1230 | D:2      | Reached skill level 4 in Fighting
  1230 | D:2      | Reached XP level 4. HP: 22/33 MP: 4/4
  1455 | D:2      | Found a glowing golden altar of the Shining One.
  1859 | D:3      | Killed from afar by an orc priest

Vault maps used:
D:1:      noname_arrival_rooms_in_the_neighbourhood, st_stairs_8
D:2:      tso_altar
D:3:      mumra_celtic_spiral_tile, old_standard_altar, serial_bayou_pond_d,
          nicolae_qazlal_eye_of_the_storm

Skill      XL: |  1  2  3 |
---------------+----------+-----
Long Blades    | 3 |  3.8
Fighting       | 4 |  4.2
Dodging        | |  3.0
Shields        | |  3.0

Action                   |  1- 3 |  4- 6 || total
-------------------------+-------+-------++-------
Melee: Long sword        |    51 |    35 ||    86
       Constrict         |    13 |     6 ||    19
       Tentacles         |    11 |     3 ||    14
 Stab: Sleeping          |     3 |     1 ||     4
  Eat: Chunk             |     1 |     2 ||     3
Armor: Skin              |     4 |     1 ||     5
Dodge: Dodged            |    19 |    16 ||    35
Block: Shield            |    23 |    12 ||    35
       Rpst.: Long sword |     1 |     4 ||     5
